 Dungeon Crawl Stone Soup version 0.30-a0-160-gcfceee88d3 (webtiles) character file.

Game seed: 9243966802177963191

46 qw the Chopper (level 3, -7/23 HPs)
             Began as a Gargoyle Fighter on Sept 27, 2022.
             Killed by divine providence
             ... invoked by an orc priest
              (14 damage)
             ... on level 2 of the Dungeon.
             The game lasted 00:00:30 (1903 turns).

qw the Chopper (Gargoyle Fighter)                   Turns: 1903, Time: 00:00:31

Health: -7/23      AC: 14    Str: 21    XL:     3   Next: 66%
Magic:  0/3        EV:  2    Int:  8    God:
Gold:   110        SH: 11    Dex:  9    Spells: 2/2 levels left

rFire   . . .      SeeInvis .    Y - +0 war axe
rCold   . . .      Faith    .    e - +0 tower shield
rNeg    + . .      Spirit   +    f - +0 plate armour
rPois   inf        Reflect  .    (no helmet)
rElec   +          Harm     .    (no cloak)
rCorr   .          Rampage  .    (no gloves)
Will    .....                    (no boots)
Stlth   ..........               i - amulet of guardian spirit
HPRegen 0.07/turn                (no ring)
MPRegen 0.08/turn                (no ring)

@: brilliant
A: sickness immunity, AC +3, negative energy resistance 1, electricity
resistance, torment resistance 1, petrification resistance
a: no special abilities


You were on level 2 of the Dungeon.
You visited 1 branch of the dungeon, and saw 3 of its levels.

You collected 110 gold pieces.


Innate Abilities, Weirdness & Mutations

You are immune to sickness and miasma.
Your stone body is resilient. (AC +3)
You are immune to poison.
You resist negative energy. (rN+)
You are resistant to electric shocks. (rElec)
You are resistant to unholy torment.
You are immune to petrification.


   Skills:
 - Level 3.2 Fighting
 - Level 3.4 Axes
 - Level 0.4 Throwing
 - Level 3.2 Armour
 + Level 3.2 Shields


You had 2 spell levels left.
You didn't know any spells.
Your spell library was empty.

Inventory:

Hand Weapons
 h - a +0 whip
 Y - a +0 war axe (weapon)
Missiles
 m - a javelin (quivered)
 o - 2 boomerangs
Armour
 e - a +0 tower shield (worn)
 f - a +0 plate armour (worn)
Jewellery
 i - an amulet of guardian spirit (around neck)
Scrolls
 a - a scroll of identify
Potions
 d - 2 potions of might
 g - a potion of attraction
 k - a potion of heal wounds {unknown}
 l - a potion of haste {unknown}

Dungeon Overview and Level Annotations

Branches:
Dungeon (3/15)

Altars:


Message History

1879 ||| DROPPING potion of brilliance.
You drop a potion of brilliance.
Done exploring.
(D) Dungeon
Where to? (* - list waypoints, Enter - D:2, ? - help)
What level of the Dungeon? (default 1, ? - help)
There is a stone staircase leading down here.
You climb downwards.
The adder hisses angrily.
The orc shouts! x2; The kobold shouts!
You hear a shout!
The adder is attracted toward you. The orc priest is attracted toward you.
The orc is attracted toward you. x2; The kobold is attracted toward you.
The orc is attracted toward you. The adder is attracted toward you.
Found a scroll of identify.
There is a stone staircase leading up here.
There are monsters nearby!
Existing waypoints: (1) D:2 (2) D:1 Assign waypoint to what number? (0-9, D - delete waypoint) Waypoint 2 re-assigned from D:1 to D:3.
Enter note:
1899 ||| STAIRDANCE The adder bites you.
The orc hits you but does no damage. You block the orc priest's attack.
The adder is attracted toward you. The orc is attracted toward you.
You climb upwards.
There is a stone staircase leading down here.
You completely miss the orc priest. You barely miss the orc.
You block the orc priest's attack. The orc hits you but does no damage.
You feel less attractive to monsters.
You barely miss the orc priest. You closely miss the orc.
The orc hits you with a +0 flail.
The orc priest hits you with a +4 dagger!
The orc priest hits you with a +4 dagger.
The orc hits you with a +0 flail.
You closely miss the orc priest. You hit the orc but do no damage.
The orc hits you with a +0 flail.
The orc priest mumbles some strange prayers to Beogh against you.
Beogh smites you!
Ouch! That really hurt!
You die...

.#..###..#.#.###.#..##.#
#.#..#..#.##........##.# ########
.#.#...#.#.#.###.##.##.# #.......
############...........# #.#####.
#....##..#.##....# #.# #.
#.....#..#.##..#.# #.# #.
####.<#..#.##..#.# #.# #.
##########.....#o##..#.# #.#####.
...........###.#@##....# #.#.%...
...............#o###.#####.#!####
...............#S..........#.#
............##.......#######.#
............##.........# #.#
............##...#####.#####.#
............##...............#
###########.#......###.#######
#.#...##.# #.#####


You could see an orc priest, an adder and an orc.

Vanquished Creatures
  2 worms (D:2)
  A dart slug (D:1)
  2 bats
  4 endoplasms
  A giant cockroach (D:2)
  5 goblins (D:2)
  3 hobgoblins (D:2)
  2 quokkas (D:2)
  6 ball pythons
  3 frilled lizards
  2 kobolds (D:2)
  3 rats
  A spectral goblin (D:1)
35 creatures vanquished.

Notes
Turn   | Place    | Note
-------+----------+-------------------------------------------
     0 | D:1      | qw the Gargoyle Fighter began the quest for the Orb.
     0 | D:1      | Reached XP level 1. HP: 14/14 MP: 1/1
     0 | D:1      | 0 ||| qw: Version: 0.2-a-10-g37ed214
     0 | D:1      | 0 ||| qw: Game counter: 616
     0 | D:1      | 0 ||| qw: Always use a shield: true
     0 | D:1      | 0 ||| qw: God list: Okawaru
     0 | D:1      | 0 ||| qw: Allow faded altars: false
     0 | D:1      | 0 ||| qw: Do Orc after D:15 true
     0 | D:1      | 0 ||| qw: Do second Lair branch before Depths: true
     0 | D:1      | 0 ||| qw: Lair rune preference: random
     0 | D:1      | 0 ||| qw: Plans: Normal, Zot:1-4, God:TSO, Crypt, Tomb,
                  | Pan, Slime:5, Hells, Abyss, Orb
     0 | D:1      | 0 ||| PLANNING D:1-11
   278 | D:1      | Found a faded altar of an unknown god.
   357 | D:1      | Reached XP level 2. HP: 18/19 MP: 2/2
   686 | D:1      | 686 ||| UPGRADING to amulet of guardian spirit.
   691 | D:1      | 691 ||| READING 2 scrolls labelled BURIYSK ZILAH.
   692 | D:1      | 692 ||| READING scroll labelled PAAZITHIRO.
   695 | D:1      | 695 ||| READING scroll labelled UNETHU IBBOGI.
   696 | D:1      | 696 ||| READING 2 scrolls labelled NIUNWAS GEJAU.
   697 | D:1      | 697 ||| DROPPING scroll of butterflies.
   803 | D:2      | 803 ||| DROPPING +0 club.
   922 | D:2      | 922 ||| Stepping ~*~*~tactically~*~*~ (stealth).
  1007 | D:2      | Reached skill level 3 in Axes
  1101 | D:2      | Reached XP level 3. HP: 23/23 MP: 3/3
  1855 | D:2      | 1855 ||| UPGRADING to +0 tower shield.
  1865 | D:2      | 1865 ||| DROPPING +0 buckler.
  1866 | D:2      | 1866 ||| UPGRADING to +0 plate armour.
  1876 | D:2      | 1876 ||| DROPPING +0 scale mail.
  1877 | D:2      | 1877 ||| DRINKING 2 red potions.
  1878 | D:2      | 1878 ||| DRINKING 2 bubbling black potions.
  1879 | D:2      | 1879 ||| DROPPING potion of brilliance.
  1899 | D:3      | 1899 ||| STAIRDANCE
  1903 | D:2      | Killed from afar by an orc priest

Levels and vault maps discovered:
D:1:      saegor_arrival_fortress, layout_basic,
          dreamdust_ecumenical_altar_drowned_temple
D:2:      minmay_diamond_boxcup, layout_basic, dk_noncrumbling_3
D:3:      layout_basic, gammafunk_temple_overflow_elements,
          gammafunk_ghost_arena, minmay_goblin_outpost

Skill      XL: |  1  2 |
---------------+-------+-----
Axes           | 2 3 |  3.4
Fighting       | |  3.2
Throwing       | |  0.4
Armour         | |  3.2
Shields        | |  3.2

Action                   || total
-------------------------++-------
Melee: War axe           ||    66
Throw: Javelin           ||    15
       Boomerang         ||    10
  Use: Scroll            ||     4
       Potion            ||     2
Armor: Scale mail        ||    31
       Plate armour      ||     2
Dodge: Dodged            ||    20
Block: Buckler           ||    15
       Tower shield      ||     2

Table legend:
 A = Non-vault XP
 B = Vault XP
 C = Vault XP percentage of total XP
 D = Non-vault monster count
 E = Vault monster count
 F = Vault count percentage of total count
                 A         B        C        D         E       F
            +---------+---------+-------+---------+---------+-------
      Total |      49 |      17 |  25.8 |      26 |       9 |  25.7
            +---------+---------+-------+---------+---------+-------
        D:1 |      20 |       1 |   4.8 |      11 |       1 |   8.3
        D:2 |      29 |      16 |  35.6 |      15 |       8 |  34.8
            +---------+---------+-------+---------+---------+-------
